 Dungeon Crawl Stone Soup version 0.19-a0 (webtiles) character file.

20 Mefis the Magician (level 2, -1/15 HPs)
             Began as a Deep Elf Wizard on Apr 27, 2016.
             Slain by a jackal (2 damage)
             ... on level 1 of the Dungeon.
             The game lasted 00:03:21 (532 turns).

Mefis the Magician (Deep Elf Wizard)                 Turns: 532, Time: 00:03:22

Health: -1/15      AC:  2    Str:  4    XL:     2   Next: 58%
Magic:  1/10       EV: 13    Int: 22    God:
Gold:   58         SH:  0    Dex: 13    Spells: 4 memorised, 4 levels left

rFire  . . .     SeeInvis .     l - +0 dagger
rCold  . . .     Gourm    .     a - +0 robe
rNeg   . . .     Faith    .     (no shield)
rPois  .         Spirit   .     b - +0 hat
rElec  .         Dismiss  .     (no cloak)
rCorr  .         Reflect  .     (no gloves)
SustAt .         Harm     .     (no boots)
MR     .....                    (no amulet)
Stlth  ++........               (no ring)
                                (no ring)

@: repel missiles, not resistant to hostile enchantments, unstealthy
A: no striking features
a: no special abilities


You were on level 1 of the Dungeon.
You were not hungry.

You visited 1 branch of the dungeon, and saw 1 of its levels.

You collected 58 gold pieces.

Inventory:

Hand Weapons
 l - a +0 dagger (weapon)
Missiles
 g - 18 sling bullets
Armour
 a - a +0 robe (worn)
 b - a +0 hat (worn)
Scrolls
 f - 3 scrolls of identify {unknown}
 i - 2 scrolls of remove curse {unknown}
 j - a scroll of random uselessness {unknown}
 m - a scroll of enchant armour {unknown}
Potions
 e - a potion of cancellation {unknown}
 h - a potion of flight {unknown}
 k - a potion of degeneration {unknown}
 n - 2 potions of magic {unknown}
 o - 2 potions of brilliance {unknown}
Books
 c - a book of Minor Magic

   Spells                             Type                      Level
   a - Magic Dart                     Conjuration                  1
   b - Blink                          Translocation                2
   c - Call Imp                       Summoning                    2
   d - Repel Missiles                 Charms/Air                   2
   e - Slow                           Hexes                        2
   f - Conjure Flame                  Conjuration/Fire             3
   g - Mephitic Cloud                 Conjuration/Poison/Air       3
Comestibles
 d - a bread ration


   Skills:
 + Level 2.7 Dodging
 + Level 2.6 Stealth
 + Level 5.0 Spellcasting
 + Level 1.4 Conjurations
 + Level 1.2 Summonings
 + Level 1.3 Translocations


You had 4 spell levels left.
You knew the following spells:

 Your Spells              Type           Power        Failure   Level  Hunger
a - Magic Dart            Conj           ##..         8%          1    None
b - Call Imp              Summ           ##......     12%         2    None
c - Blink                 Tloc           N/A          10%         2    None
d - Repel Missiles        Chrm/Air       #.....       17%         2    None


Dungeon Overview and Level Annotations

Branches:
Dungeon (1/15)

Altars:


Message History

You see here a ball python corpse.
The jackal closely misses you. The jackal closely misses you.
The jackal closely misses you. The jackal closely misses you.
Casting: Magic Dart
Confirm with . or Enter, or press ? or * to list all spells.
A beastly little devil appears in a puff of flame.
The jackal bites you.
* * * LOW HITPOINT WARNING * * *
The jackal closely misses you. The jackal closely misses you.
A rat comes into view.
The jackal closely misses you.
You swap places.
The jackal bites you.
* * * LOW HITPOINT WARNING * * *
Your crimson imp hits the jackal.
Your crimson imp barely misses the jackal.
The jackal bites you.
You die...

.####..#.#...[.......#
#.##.#..#..##.##'#########
#...#####..##............#
####..##.#.##............#
##.###...............# #
#####.).........# .
##...#...5.......#
#########..#..##h#########
..........###.##@#
########### #..#.#
######.#.# #........#
#........# #.)......#
######.#.#########
#...........#
#...##†.##.##


You could see a jackal and a friendly crimson imp.

Vanquished Creatures
  2 giant geckos (D:1)
  3 goblins (D:1)
  3 hobgoblins (D:1)
  A jackal (D:1)
  A kobold (D:1)
  2 ball pythons (D:1)
  3 bats (D:1)
  2 rats (D:1)
17 creatures vanquished.

Notes
Turn   | Place    | Note
--------------------------------------------------------------
     0 | D:1      | Mefis the Deep Elf Wizard began the quest for the Orb.
     0 | D:1      | Reached XP level 1. HP: 10/10 MP: 7/7
   224 | D:1      | Reached XP level 2. HP: 15/15 MP: 1/9
   228 | D:1      | Learned a level 2 spell: Call Imp
   231 | D:1      | Learned a level 2 spell: Blink
   234 | D:1      | Learned a level 2 spell: Repel Missiles
   501 | D:1      | Reached skill level 5 in Spellcasting
   532 | D:1      | Slain by a jackal

Vault maps used:
D:1:      dpeg_arrival_signposts, minmay_door_square

Skill      XL: |  1  2 |
---------------+-------+-----
Spellcasting   | 5 |  5.0
Dodging        | |  2.7
Stealth        | |  2.6
Conjurations   | |  1.4
Summonings     | |  1.2
Translocations | |  1.3

Action                   || total
-------------------------++-------
Melee: Dagger            ||     8
 Cast: Magic Dart        ||    42
       Call Imp          ||     1
       Repel Missiles    ||     1
Armor: Robe              ||     2
Dodge: Dodged            ||    18
       Deflected         ||     2
